 Dungeon Crawl Stone Soup version 0.31-a0-702-gf82c85558f (webtiles) character file.

Game seed: 17733235945367909024

97118 qw the Marksgargoyle (level 16, 0/107 HPs)
             Began as a Gargoyle Hunter on Sept 7, 2023.
             Was an Elder of Okawaru.
             Slain by a chaos spawn (3 damage)
             ... summoned by an orc sorcerer
             ... on level 2 of the Orcish Mines.
             The game lasted 00:11:17 (20377 turns).

qw the Marksgargoyle (Gargoyle Hunter)             Turns: 20377, Time: 00:11:17

Health: 0/107      AC: 22    Str: 22      XL:     16   Next: 18%
Magic:  7/7        EV: 31    Int: 10 (13) God:    Okawaru [****..]
Gold:   2996       SH:  5    Dex: 29      Spells: 15/15 levels left

rFire   + . .        Y - +0 longbow (antimagic)
rCold   + . .        (shield currently unavailable)
rNeg    + . .        f - +2 ring mail {Will+}
rPois   inf          (no helmet)
rElec   +            n - +2 cloak
rCorr   .            s - +0 pair of gloves of Marbles {rF+ Regen+ Str+2 Int+3}
SInv    +            z - +0 pair of boots of Denuerch {rC+ Str+3}
Will    ++...        e - amulet of reflection
Stlth   +++          A - ring "Niyraemn" {+Blink EV+5 Str+2 SInv}
HPRegen 1.17/turn    p - +6 ring of dexterity
MPRegen 0.10/turn

%: reflection
@: heroic, corroded, flying
A: sickness immunity, AC +12, big wings, negative energy resistance 1,
electricity resistance, torment resistance 1, petrification resistance, agile 1,
deformed body, passive freeze, sense surroundings 1
a: Renounce Religion, Evoke Blink, Heroism, Finesse


You were on level 2 of the Orcish Mines.
You worshipped Okawaru.
Okawaru was greatly pleased with you.
You visited 3 branches of the dungeon, and saw 22 of its levels.

You collected 3122 gold pieces.
You spent 126 gold pieces at shops.


Innate Abilities, Weirdness & Mutations

You are immune to sickness and miasma.
Your stone body is resilient. (AC +12)
You are immune to poison.
Your large and strong wings let you fly.
You resist negative energy. (rN+)
You are resistant to electric shocks. (rElec)
You are resistant to unholy torment.
You are immune to petrification.
You are agile. (Dex +4, Str/Int -1)
Armour fits poorly on your strangely shaped body.
A frigid envelope surrounds you and freezes all who hurt you.
You passively map a small area around you.


   Skills:
 - Level 14.9(19.9) Fighting
 + Level 19.5(24.5) Ranged Weapons
 - Level 8.0(13.0) Armour
 - Level 10.0(15.0) Dodging
 - Level 1.1(6.1) Stealth
 - Level 10.0 Invocations


You had 15 spell levels left.
You didn't know any spells.
Your spell library was empty.

Inventory:

Hand Weapons
 Y - a +0 antimagic longbow (weapon)
Armour
 a - the +4 ring mail "Guruith" {rElec rF- Int+7}
   (You found it on level 12 of the Dungeon)

   Int+7:     It affects your intelligence (+7).
   rF-:       It makes you vulnerable to fire.
   rElec:     It insulates you from electricity.
 f - a +2 ring mail of willpower (worn)
 i - a +2 robe of resistance
 j - the +3 Mad Mage's Maulers {Infuse+∞ VampMP -Cast}
   (You acquired it on level 4 of the Dungeon)

   Infuse+∞: It empowers its wearer's blows with all of their magic.
   VampMP:    Blows struck in melee replenish the wearer's magic.
   -Cast:     It prevents spellcasting.
 n - a +2 cloak (worn)
 s - the +0 pair of gloves of Marbles (worn) {rF+ Regen+ Str+2 Int+3}
   (You found it on level 13 of the Dungeon)

   Str+2:     It affects your strength (+2).
   Int+3:     It affects your intelligence (+3).
   rF+:       It protects you from fire.
   Regen+:    It increases your rate of health regeneration.
 t - a +2 pair of boots
 u - a +2 ring mail of cold resistance
 y - a +0 troll leather armour
 z - the +0 pair of boots of Denuerch (worn) {rC+ Str+3}
   (Okawaru gifted it to you on level 13 of the Dungeon)

   Str+3:     It affects your strength (+3).
   rC+:       It protects you from cold.
Jewellery
 e - an amulet of reflection (around neck)
 l - a ring of protection from fire
 p - a +6 ring of dexterity (right hand)
 A - the ring "Niyraemn" (left hand) {+Blink EV+5 Str+2 SInv}
   (You acquired it on level 15 of the Dungeon)

   [ring of evasion]

   EV+5:      It affects your evasion (+5).
   Str+2:     It affects your strength (+2).
   SInv:      It lets you see invisible.
   +Blink:    It lets you blink.
Scrolls
 q - 8 scrolls of identify
 r - 5 scrolls of teleportation
 v - a scroll of enchant armour
Potions
 b - 2 potions of cancellation
 c - 7 potions of heal wounds
 d - 5 potions of resistance
 g - 2 potions of magic
 h - 7 potions of curing
 k - a potion of mutation
 m - 2 potions of haste
 o - 3 potions of enlightenment
 x - a potion of might

Dungeon Overview and Level Annotations

Branches:
Dungeon (15/15)            Temple (0/1) D:6            Lair (5/5) D:9
 Shoals (0/4) Lair:2       Spider (0/4) Lair:3        Slime (0/5) Lair:5
    Orc (2/2) D:11         Vaults (0/5) D:14         Depths (0/4) D:15
    Elf: Orc:2

Altars:
Elyvilon
Fedhas
Gozag
Hepliaklqana
Okawaru
Qazlal
Uskayaw
Xom
Yredelemnul
Zin
The Shining One
Jiyva

Shops:
D:4 (*[:   D:5 :   D:13 (

Portals:
Trove: D:13 (give +3 shadow dragon scales)
Bailey: D:10

Annotations:
D:6 4 runed translucent doors
Lair:1 2 transporters, qw's ghost, journeyman MiHs


Message History

20373 |||
Found retreat position at -1,0 (chaos spawn; floor) with 0 blocking monsters and 2 monsters attacking at destination at distance 1 You shoot an arrow.
The arrow hits the rust devil but does no damage.
The orc knight completely misses you.
An orc warrior comes into view. It is wielding a +0 glaive.
The chaos spawn completely misses you.
20374 |||
Found retreat position at -1,0 (chaos spawn; floor) with 0 blocking monsters and 3 monsters attacking at destination at distance 1 You shoot an arrow.
The arrow hits the rust devil!!
The rust devil is heavily wounded.
The orc sorcerer no longer looks unusually strong.
The red devil misses you.
The orc sorcerer mumbles some strange words.
The orc knight misses you.
The orc sorcerer mumbles some strange words.
The rust devil hits you. The rust devil corrodes you!
The chaos spawn misses you.
20375 |||
Found retreat position at -1,0 (chaos spawn; floor) with 0 blocking monsters and 3 monsters attacking at destination at distance 1 You shoot an arrow.
The arrow hits the rust devil but does no damage.
The rust devil is heavily wounded.
The red devil closely misses you. The orc knight completely misses you.
The orc sorcerer mumbles some strange words.
The rust devil completely misses you. The chaos spawn closely misses you.
20376 |||
Found retreat position at -1,0 (chaos spawn; floor) with 0 blocking monsters and 3 monsters attacking at destination at distance 1 You shoot an arrow.
The arrow hits the rust devil.
The rust devil is heavily wounded.
The neqoxec gestures at you.
Something tries to feed on your intellect!
The red devil closely misses you.
20377 |||
Found retreat position at -1,0 (chaos spawn; floor) with 0 blocking monsters and 3 monsters attacking at destination at distance 1 You shoot an arrow.
The arrow hits the rust devil but does no damage.
The rust devil is heavily wounded.
The orc priest no longer looks unusually strong.
The orc knight hits you with a +0 dire flail!!
The orc knight is very cold.
The orc knight is lightly wounded.
The orc priest invokes the aid of Beogh against you.
Beogh smites you! The chaos spawn hits you.
You die...

####........................ ,
## ###.....)........).......
.## #.......................
..## #.......................
...# ##..#.)..............)..
...#####).)#...3.o......).....
...#.#.))........4.43......)..
...#..))..)....##4ooo.........
,
##......##.....4@oo.oo4....)..
#......####.##############)...
##..#...# ###


.ooo , ....##.## ....#### * , ....# ...## , , ....# , ..... , You could see an
orc knight (strong), a hellwing (summoned), a rust devil (summoned), a neqoxec
(summoned), 2 chaos spawn, 3 orc sorcerers, a red devil (summoned), an orc
warrior (strong) and 3 orc priests.

Vanquished Creatures
  Jorgrun (Orc:1)
  Gastronok (Lair:2)
  Kirke (D:13)
  A frost giant (D:15)
  An orc warlord (Orc:2)
  Louise (D:14)
  Snorg (D:11)
  An ice dragon (D:14)
  A rakshasa (D:15)
  3 hydras
  A vault guard (D:15)
  2 ogre magi
  3 centaur warriors
  A boulder beetle (D:13)
  13 two-headed ogres
  A demonic crawler (Lair:3)
  4 death yaks (Lair:2)
  2 tengu warriors (D:15)
  An orc high priest (Orc:2)
  Sonja (Lair:4)
  Nergalle (Lair:3)
  Lodul (D:14)
  8 skeletal warriors
  2 skysharks
  A glowing orange brain (D:14)
  A wizard (D:11)
  A deep elf pyromancer (D:14)
  4 ugly things (D:15)
  7 cyclopes
  An orc sorcerer (Orc:1)
  4 manticores
  2 oklob plants (Lair:5)
  3 orc knights
  Joseph (D:8)
  15 elephants
  6 centaur zombies (D:10)
  Maurice (D:11)
  7 black mambas
  A molten gargoyle (D:12)
  2 gargoyles
  13 cane toads
  A kobold demonologist (D:12)
  3 unseen horror zombies (D:10)
  6 rime drakes
  An unseen horror (D:6)
  11 komodo dragons
  3 polar bears
  5 hornets
  3 trolls
  A raiju (shapeshifter) (D:13)
  13 blink frogs
  7 dream sheep
  2 water elementals (D:11)
  18 slime creatures
  3 vampires
  3 wraiths
  12 spriggans (Lair:5)
  23 yaks
  4 wyverns
  A basilisk (shapeshifter) (D:13)
  3 hogs (D:13)
  A human (D:13)
  6 vampire mosquitoes
  A basilisk (Lair:1)
  A steam dragon (D:8)
  Menkaure (D:5)
  3 swamp worms (Lair:3)
  A warg (Orc:1)
  An acid dragon (D:9)
  Duvessa (D:4)
  16 water moccasins
  5 ice beasts
  23 orc warriors
  2 sky beasts (D:6)
  8 black bears
  4 boggarts (Lair:5)
  16 ogres
  A phantom (D:5)
  14 centaurs
  34 wolves
  10 bullfrogs
  A kobold brigand (D:7)
  2 gnoll sergeants
  8 scorpions
  6 wights
  Dowan (D:4)
  19 killer bees
  9 howler monkeys
  14 electric eels
  3 jellies
  11 orc priests
  4 hounds
  A gnoll bouda (D:8)
  A sleepcap (D:8)
  Jessica (D:3)
  Ijyb (D:4)
  22 orc wizards
  7 iguanas
  13 hell rats
  2 howler monkey zombies (D:10)
  7 adders
  8 gnolls
  A shadow imp (D:6)
  2 white imps (D:7)
  An ufetubus (D:5)
  3 worms
  A dart slug (D:4)
  80 orcs
  5 ball pythons
  9 bats
  7 endoplasms
  8 giant cockroaches
  12 goblins
  13 hobgoblins
  4 jackals (D:2)
  10 kobolds
  4 quokkas
  3 frilled lizards
  6 rats
705 creatures vanquished.

Notes
Turn   | Place    | Note
-------+----------+-------------------------------------------
     0 | D:1      | qw the Gargoyle Hunter began the quest for the Orb.
     0 | D:1      | Reached XP level 1. HP: 12/12 MP: 1/1
     0 | D:1      | 0 ||| qw: Version: 0.3-a-76-g4403597
     0 | D:1      | 0 ||| qw: Game counter: 836
     0 | D:1      | 0 ||| qw: Melee chars always use a shield: true
     0 | D:1      | 0 ||| qw: God list: Okawaru
     0 | D:1      | 0 ||| qw: Allow faded altars: false
     0 | D:1      | 0 ||| qw: Do Orc after clearing Dungeon:15 true
     0 | D:1      | 0 ||| qw: Do second Lair branch before Depths: true
     0 | D:1      | 0 ||| qw: Lair rune preference: random
     0 | D:1      | 0 ||| qw: Goals: Normal
     0 | D:1      | 0 ||| PLANNING D:1-11
    43 | D:1      | Reached XP level 2. HP: 17/17 MP: 2/2
   311 | D:1      | Reached XP level 3. HP: 18/21 MP: 3/3
   330 | D:1      | Reached skill level 5 in Ranged Weapons
   946 | D:1      | 946 ||| UPGRADING to +0 ring mail.
   956 | D:1      | 956 ||| DROPPING +0 leather armour.
   957 | D:1      | 957 ||| UPGRADING to amulet of reflection.
   962 | D:1      | 962 ||| READING 2 scrolls labelled ALIXAU JEDAGH.
   963 | D:1      | 963 ||| READING scroll of enchant weapon.
   963 | D:1      | 963 ||| ENCHANTING +1 shortbow.
   964 | D:1      | 964 ||| READING scroll labelled ZAFE ANWIEVI.
   965 | D:1      | 965 ||| DROPPING scroll of butterflies.
  1018 | D:2      | Reached skill level 1 in Armour
  1126 | D:2      | Reached XP level 4. HP: 25/27 MP: 4/4
  1251 | D:2      | Reached skill level 3 in Fighting
  1261 | D:2      | 1261 ||| Stepping ~*~*~tactically~*~*~ (outnumbered).
  1571 | D:2      | 1571 ||| READING scroll labelled TIRGHU WAISO.
  1574 | D:2      | 1574 ||| DRINKING 2 murky amethyst potions.
  1834 | D:3      | Noticed Jessica
  1838 | D:3      | Killed Jessica
  1839 | D:3      | Reached XP level 5. HP: 32/32 MP: 5/5
  1867 | D:3      | Reached skill level 6 in Ranged Weapons
  1936 | D:3      | Found an iron altar of Okawaru.
  1937 | D:3      | 1937 ||| PLANNING OKAWARU WORSHIP
  1937 | D:3      | 1937 ||| UPGRADING to +2 robe of resistance.
  1947 | D:3      | 1947 ||| DROPPING +0 ring mail.
  1948 | D:3      | 1948 ||| READING scroll labelled GYXODWO VYUSM.
  1969 | D:3      | 1969 ||| READING 2 scrolls labelled BUAK YKOROA.
  1970 | D:3      | 1970 ||| DRINKING 2 clear potions.
  1971 | D:3      | 1971 ||| DROPPING scroll of noise.
  1976 | D:3      | Found a blossoming altar of Fedhas.
  1979 | D:3      | Became a worshipper of Warmaster Okawaru
  1980 | D:3      | 1980 ||| PLANNING D:1-11
  2292 | D:3      | 2292 ||| READING scroll labelled VIQEQA CUYNESO.
  2293 | D:3      | 2293 ||| READING scroll labelled FYSOUDURPHE.
  2421 | D:4      | 2421 ||| Stepping ~*~*~tactically~*~*~ (outnumbered).
  2432 | D:4      | Reached XP level 6. HP: 29/38 MP: 6/6
  2707 | D:4      | Noticed Ijyb
  2718 | D:4      | Killed Ijyb
  2784 | D:4      | Found Qiamp's Assorted Antiques.
  2789 | D:4      | 2789 ||| SHOPLISTING runed leather armour (135 gold, have
                  | 132).
  2789 | D:4      | 2789 ||| BUYING runed robe (99 gold).
  2789 | D:4      | Bought a runed robe for 99 gold pieces
  2789 | D:4      | 2789 ||| BUYING scroll labelled VATHRE WORCH (27 gold).
  2789 | D:4      | Bought a scroll labelled VATHRE WORCH for 27 gold pieces
  2789 | D:4      | 2789 ||| SHOPLISTING silvery potion (24 gold, have 6).
  2789 | D:4      | 2789 ||| SHOPLISTING worn brass wand (108 gold, have 6).
  2794 | D:4      | Found Holussua's Antique Weapon Shoppe.
  2804 | D:4      | Noticed Duvessa
  2805 | D:4      | Noticed Dowan
  2806 | D:4      | 2806 ||| RETREATING.
  2820 | D:4      | Killed Duvessa
  2820 | D:4      | Reached * piety under Okawaru
  2821 | D:4      | Reached skill level 7 in Ranged Weapons
  2821 | D:4      | 2821 ||| INVOKING Heroism.
  2825 | D:4      | Killed Dowan
  2826 | D:4      | Reached XP level 7. HP: 35/43 MP: 4/7
  2972 | D:4      | Found Dutsozug's Antique Armour Shop.
  2981 | D:4      | 2981 ||| SHOPLISTING glowing leather armour (115 gold, have
                  | 17).
  2981 | D:4      | 2981 ||| SHOPLISTING helmet (103 gold, have 17).
  2981 | D:4      | 2981 ||| SHOPLISTING pair of gloves (103 gold, have 17).
  2986 | D:4      | Found Cinish's Book Boutique.
  3272 | D:4      | 3272 ||| DROPPING +2 robe.
  3273 | D:4      | 3273 ||| UPGRADING to ring of protection from fire.
  3274 | D:4      | 3274 ||| READING 2 scrolls labelled SASAUTIBUN.
  3274 | D:4      | Identified 2 scrolls of acquirement
  3274 | D:4      | 3274 ||| ACQUIRING +3 Mad Mage's Maulers {Infuse+∞ VampMP
                  | -Cast}
  3274 | D:4      | Acquired the +3 Mad Mage's Maulers {Infuse+∞ VampMP -Cast}
  3274 | D:4      | Found the +3 Mad Mage's Maulers {Infuse+∞ VampMP -Cast}
  3275 | D:4      | 3275 ||| READING scroll of acquirement.
  3275 | D:4      | 3275 ||| ACQUIRING +0 orcbow of electrocution
  3275 | D:4      | Acquired a +0 orcbow of electrocution
  3277 | D:4      | 3277 ||| SWAPPING to +0 orcbow of electrocution.
  3278 | D:4      | 3278 ||| DROPPING +2 shortbow.
  3279 | D:4      | 3279 ||| READING scroll labelled VATHRE WORCH.
  3299 | D:5      | Entered Level 5 of the Dungeon
  3326 | D:5      | Noticed Menkaure
  3327 | D:5      | 3327 ||| INVOKING Heroism.
  3329 | D:5      | Killed Menkaure
  3355 | D:5      | Reached skill level 8 in Ranged Weapons
  3355 | D:5      | Reached skill level 1 in Invocations
  3356 | D:5      | 3356 ||| INVOKING Heroism.
  3357 | D:5      | 3357 ||| INVOKING Heroism.
  3395 | D:5      | 3395 ||| INVOKING Heroism.
  3507 | D:5      | Found an opulent altar of Gozag.
  3507 | D:5      | Found a hide-covered altar of Uskayaw.
  3530 | D:5      | Reached XP level 8. HP: 48/48 MP: 8/10
  3540 | D:5      | 3540 ||| FLEEEEING.
  3560 | D:5      | Reached skill level 3 in Invocations
  3642 | D:5      | Found Xinnoirph's Book Shop.
  3731 | D:5      | 3731 ||| INVOKING Heroism.
  4136 | D:5      | 4136 ||| READING scroll labelled PECIRPHU MUTSEONE.
  4137 | D:5      | 4137 ||| READING scroll labelled BIUBOU LIRIO.
  4208 | D:6      | Reached skill level 9 in Ranged Weapons
  4345 | D:6      | Found a large runed translucent door.
  4345 | D:6      | Found a large runed translucent door.
  4351 | D:6      | 4351 ||| INVOKING Heroism.
  4374 | D:6      | Found a large runed translucent door.
  4374 | D:6      | Found a large runed translucent door.
  4380 | D:6      | 4380 ||| READING scroll of enchant weapon.
  4380 | D:6      | 4380 ||| ENCHANTING +0 orcbow of electrocution.
  4415 | D:6      | Reached skill level 6 in Fighting
  4423 | D:6      | Found a staircase to the Ecumenical Temple.
  4488 | D:6      | Reached ** piety under Okawaru
  4490 | D:6      | 4490 ||| Stepping ~*~*~tactically~*~*~ (outnumbered).
  4564 | D:6      | 4564 ||| INVOKING Heroism.
  4575 | D:6      | Reached XP level 9. HP: 55/55 MP: 10/12
  4736 | D:6      | Killed an unseen horror
  4737 | D:6      | Reached skill level 10 in Ranged Weapons
  4750 | D:6      | 4750 ||| FLEEEEING.
  4751 | D:6      | 4751 ||| FLEEEEING.
  4758 | D:6      | 4758 ||| FLEEEEING.
  4759 | D:6      | 4759 ||| FLEEEEING.
  4767 | D:6      | 4767 ||| FLEEEEING.
  4768 | D:6      | 4768 ||| FLEEEEING.
  4769 | D:6      | 4769 ||| FLEEEEING.
  4770 | D:6      | 4770 ||| FLEEEEING.
  4771 | D:6      | 4771 ||| FLEEEEING.
  4772 | D:6      | 4772 ||| FLEEEEING.
  4773 | D:6      | 4773 ||| FLEEEEING.
  4774 | D:6      | 4774 ||| FLEEEEING.
  4780 | D:6      | 4780 ||| FLEEEEING.
  4781 | D:6      | 4781 ||| FLEEEEING.
  4782 | D:6      | 4782 ||| FLEEEEING.
  5002 | D:6      | 5002 ||| INVOKING Heroism.
  5008 | D:6      | Reached skill level 3 in Dodging
  5009 | D:6      | Noticed a cyclops
  5014 | D:6      | Killed a cyclops
  5014 | D:6      | Reached *** piety under Okawaru
  5078 | D:6      | Found a shimmering altar of Xom.
  5085 | D:6      | 5085 ||| INVOKING Heroism.
  5260 | D:6      | 5260 ||| UPGRADING to +6 ring of dexterity.
  5261 | D:6      | 5261 ||| READING scroll labelled XYLORPH LOIFI.
  5262 | D:6      | 5262 ||| DRINKING 2 grey potions.
  5263 | D:6      | 5263 ||| DRINKING 2 black potions.
  5264 | D:6      | 5264 ||| DROPPING potion of brilliance.
  5282 | D:7      | 5282 ||| STAIRDANCE
  5316 | D:7      | 5316 ||| INVOKING Heroism.
  5335 | D:7      | 5335 ||| READING scroll of acquirement.
  5335 | D:7      | 5335 ||| ACQUIRING 840 gold pieces
  5335 | D:7      | Acquired 840 gold pieces
  5402 | D:7      | Found a stormy altar of Qazlal.
  5475 | D:7      | Noticed a two-headed ogre
  5476 | D:7      | 5476 ||| INVOKING Heroism.
  5484 | D:7      | Killed a two-headed ogre
  5485 | D:7      | Reached XP level 10. HP: 63/63 MP: 11/13
  5509 | D:7      | 5509 ||| Stepping ~*~*~tactically~*~*~ (outnumbered).
  5510 | D:7      | 5510 ||| Stepping ~*~*~tactically~*~*~ (outnumbered).
  5511 | D:7      | 5511 ||| Stepping ~*~*~tactically~*~*~ (outnumbered).
  5521 | D:7      | 5521 ||| Stepping ~*~*~tactically~*~*~ (retreating).
  5522 | D:7      | 5522 ||| Stepping ~*~*~tactically~*~*~ (retreating).
  5524 | D:7      | 5524 ||| Stepping ~*~*~tactically~*~*~ (outnumbered).
  5542 | D:7      | 5542 ||| INVOKING Heroism.
  5544 | D:7      | Reached skill level 11 in Ranged Weapons
  5716 | D:7      | 5716 ||| INVOKING Heroism.
  5793 | D:7      | Noticed a cyclops
  5794 | D:7      | 5794 ||| INVOKING Heroism.
  5797 | D:7      | Killed a cyclops
  5982 | D:7      | 5982 ||| READING scroll labelled WEPSEH PEPNI.
  5983 | D:7      | 5983 ||| READING 2 scrolls of identify.
  5983 | D:7      | 5983 ||| IDENTIFYING inky potion
  6051 | D:8      | 6051 ||| Stepping ~*~*~tactically~*~*~ (outnumbered).
  6053 | D:8      | 6053 ||| Stepping ~*~*~tactically~*~*~ (outnumbered).
  6055 | D:8      | 6055 ||| INVOKING Heroism.
  6155 | D:8      | 6155 ||| RETREATING.
  6265 | D:8      | Found a white marble altar of Elyvilon.
  6265 | D:8      | Found a glowing golden altar of the Shining One.
  6267 | D:8      | Found a glowing silver altar of Zin.
  6469 | D:8      | 6469 ||| INVOKING Heroism.
  6530 | D:8      | Noticed a two-headed ogre
  6531 | D:8      | 6531 ||| INVOKING Heroism.
  6534 | D:8      | Killed a two-headed ogre
  6535 | D:8      | Reached skill level 12 in Ranged Weapons
  6535 | D:8      | 6535 ||| FLEEEEING.
  6536 | D:8      | 6536 ||| FLEEEEING.
  6537 | D:8      | 6537 ||| FLEEEEING.
  6538 | D:8      | 6538 ||| FLEEEEING.
  6683 | D:8      | Noticed Joseph
  6684 | D:8      | 6684 ||| FLEEEEING.
  6685 | D:8      | 6685 ||| FLEEEEING.
  6693 | D:8      | 6693 ||| FLEEEEING.
  6694 | D:8      | 6694 ||| FLEEEEING.
  6703 | D:8      | 6703 ||| INVOKING Heroism.
  6706 | D:8      | Killed Joseph
  6836 | D:8      | 6836 ||| INVOKING Heroism.
  6910 | D:8      | Reached XP level 11. HP: 69/69 MP: 14/14
  6915 | D:8      | Reached skill level 13 in Ranged Weapons
  7087 | D:8      | 7087 ||| READING 2 scrolls of identify.
  7087 | D:8      | 7087 ||| IDENTIFYING metallic amethyst potion
  7088 | D:8      | 7088 ||| DROPPING potion of degeneration.
  7171 | D:9      | 7171 ||| Stepping ~*~*~tactically~*~*~ (outnumbered).
  7178 | D:9      | 7178 ||| Stepping ~*~*~tactically~*~*~ (outnumbered).
  7183 | D:9      | 7183 ||| INVOKING Heroism.
  7191 | D:9      | 7191 ||| Stepping ~*~*~tactically~*~*~ (outnumbered).
  7196 | D:9      | Reached skill level 9 in Fighting
  7200 | D:9      | 7200 ||| INVOKING Heroism.
  7320 | D:9      | Found a staircase to the Lair.
  7323 | D:9      | 7323 ||| RETREATING.
  7352 | D:9      | Reached **** piety under Okawaru
  7366 | D:9      | 7366 ||| INVOKING Heroism.
  7486 | D:9      | 7486 ||| RETREATING.
  7658 | D:9      | 7658 ||| FLEEEEING.
  7670 | D:9      | 7670 ||| FLEEEEING.
  7671 | D:9      | 7671 ||| FLEEEEING.
  7672 | D:9      | 7672 ||| FLEEEEING.
  7673 | D:9      | 7673 ||| FLEEEEING.
  7674 | D:9      | 7674 ||| FLEEEEING.
  7675 | D:9      | 7675 ||| FLEEEEING.
  7676 | D:9      | 7676 ||| FLEEEEING.
  7677 | D:9      | 7677 ||| FLEEEEING.
  7678 | D:9      | 7678 ||| FLEEEEING.
  7688 | D:9      | 7688 ||| FLEEEEING.
  7788 | D:9      | Reached skill level 14 in Ranged Weapons
  7974 | D:9      | 7974 ||| PLANNING LAIR
  7974 | D:9      | 7974 ||| DROPPING +1 leather armour of poison resistance.
  7975 | D:9      | 7975 ||| UPGRADING to +0 pair of boots.
  7980 | D:9      | 7980 ||| READING 4 scrolls of enchant armour.
  7980 | D:9      | 7980 ||| ENCHANTING +0 pair of boots.
  7981 | D:9      | 7981 ||| READING 3 scrolls of enchant armour.
  7981 | D:9      | 7981 ||| ENCHANTING +1 pair of boots.
  7982 | D:9      | 7982 ||| DRINKING 2 fizzy cyan potions.
  8013 | Lair:1   | Entered Level 1 of the Lair of Beasts
  8038 | Lair:1   | 8038 ||| RETREATING.
  8041 | Lair:1   | 8041 ||| RETREATING.
  8042 | Lair:1   | 8042 ||| Stepping ~*~*~tactically~*~*~ (retreating).
  8054 | Lair:1   | 8054 ||| INVOKING Heroism.
  8066 | Lair:1   | Reached skill level 6 in Invocations
  8073 | Lair:1   | Reached skill level 6 in Dodging
  8083 | Lair:1   | Reached ***** piety under Okawaru
  8228 | Lair:1   | 8228 ||| INVOKING Heroism.
  8298 | Lair:1   | Found the +0 toga "Victory" {*Victory Clar}
  8299 | Lair:1   | 8299 ||| INVOKING Heroism.
  8352 | Lair:1   | Found a transporter.
  8353 | Lair:1   | 8353 ||| INVOKING Heroism.
  8371 | Lair:1   | Noticed qw's ghost (journeyman MiHs)
  8389 | Lair:1   | Reached XP level 12. HP: 77/77 MP: 17/17
  8407 | Lair:1   | Found a transporter.
  8820 | Lair:1   | 8820 ||| INVOKING Heroism.
  8949 | Lair:1   | 8949 ||| DROPPING amulet of the acrobat.
  8950 | Lair:1   | 8950 ||| DRINKING 2 orange potions.
  8950 | Lair:1   | Gained mutation: You are agile. (Dex +4, Str/Int -1)
                  | [potion of mutation]
  8950 | Lair:1   | Gained mutation: You passively map a small area around you.
                  | [potion of mutation]
  8950 | Lair:1   | Gained mutation: A frigid envelope surrounds you and
                  | freezes all who hurt you. [potion of mutation]
  8951 | Lair:1   | 8951 ||| DRINKING 2 silvery potions.
  8976 | Lair:1   | 8976 ||| DROPPING potion of lignification.
  9035 | Lair:2   | Noticed a skyshark
  9039 | Lair:2   | Killed a skyshark
  9039 | Lair:2   | Received a gift from Okawaru
  9114 | Lair:2   | Found a staircase to the Shoals.
  9116 | Lair:2   | Noticed Gastronok
  9117 | Lair:2   | 9117 ||| INVOKING Heroism.
  9125 | Lair:2   | 9125 ||| RETREATING.
  9128 | Lair:2   | 9128 ||| RETREATING.
  9135 | Lair:2   | 9135 ||| Stepping ~*~*~tactically~*~*~ (retreating).
  9136 | Lair:2   | 9136 ||| Stepping ~*~*~tactically~*~*~ (retreating).
  9137 | Lair:2   | 9137 ||| Stepping ~*~*~tactically~*~*~ (retreating).
  9144 | Lair:2   | 9144 ||| Stepping ~*~*~tactically~*~*~ (retreating).
  9145 | Lair:2   | 9145 ||| Stepping ~*~*~tactically~*~*~ (retreating).
  9146 | Lair:2   | 9146 ||| Stepping ~*~*~tactically~*~*~ (retreating).
  9148 | Lair:2   | Reached skill level 9 in Invocations
  9163 | Lair:2   | 9163 ||| INVOKING Heroism.
  9165 | Lair:2   | 9165 ||| Stepping ~*~*~tactically~*~*~ (retreating).
  9176 | Lair:2   | Killed Gastronok
  9338 | Lair:2   | 9338 ||| INVOKING Heroism.
  9345 | Lair:2   | 9345 ||| RETREATING.
  9356 | Lair:2   | 9356 ||| Stepping ~*~*~tactically~*~*~ (retreating).
  9372 | Lair:2   | Reached skill level 15 in Ranged Weapons
  9373 | Lair:2   | Noticed a death yak
  9374 | Lair:2   | 9374 ||| INVOKING Finesse.
  9375 | Lair:2   | 9375 ||| INVOKING Heroism.
  9381 | Lair:2   | Noticed a death yak
  9385 | Lair:2   | Killed a death yak
  9387 | Lair:2   | Noticed a death yak
  9393 | Lair:2   | Noticed a death yak
  9396 | Lair:2   | Killed a death yak
  9409 | Lair:2   | Killed a death yak
  9420 | Lair:2   | Killed a death yak
  9854 | Lair:2   | 9854 ||| DRINKING 2 coppery potions.
  9861 | Lair:3   | 9861 ||| INVOKING Heroism.
  9900 | Lair:3   | Reached XP level 13. HP: 82/82 MP: 20/20
  9921 | Lair:3   | 9921 ||| RETREATING.
  9924 | Lair:3   | 9924 ||| RETREATING.
  9929 | Lair:3   | 9929 ||| RETREATING.
  9930 | Lair:3   | 9930 ||| Stepping ~*~*~tactically~*~*~ (retreating).
  9931 | Lair:3   | 9931 ||| Stepping ~*~*~tactically~*~*~ (retreating).
  9946 | Lair:3   | Reached ****** piety under Okawaru
  9947 | Lair:3   | Reached skill level 16 in Ranged Weapons
  9948 | Lair:3   | 9948 ||| INVOKING Heroism.
 10087 | Lair:3   | 10087 ||| INVOKING Heroism.
 10146 | Lair:3   | 10146 ||| INVOKING Heroism.
 10215 | Lair:3   | 10215 ||| INVOKING Heroism.
 10239 | Lair:3   | Noticed Nergalle
 10249 | Lair:3   | Killed Nergalle
 10249 | Lair:3   | Received a gift from Okawaru
 10282 | Lair:3   | 10282 ||| INVOKING Heroism.
 10457 | Lair:3   | Found a hole to the Spider Nest.
 10526 | Lair:3   | 10526 ||| RETREATING.
 10530 | Lair:3   | 10530 ||| Stepping ~*~*~tactically~*~*~ (retreating).
 10531 | Lair:3   | 10531 ||| Stepping ~*~*~tactically~*~*~ (retreating).
 10565 | Lair:3   | 10565 ||| INVOKING Heroism.
 10701 | Lair:3   | 10701 ||| INVOKING Heroism.
 10727 | Lair:3   | 10727 ||| Stepping ~*~*~tactically~*~*~ (water).
 10904 | Lair:3   | 10904 ||| INVOKING Heroism.
 10997 | Lair:3   | 10997 ||| UPGRADING to +2 pair of gloves of strength.
 11002 | Lair:3   | 11002 ||| DROPPING amulet of magic regeneration.
 11003 | Lair:3   | 11003 ||| UPGRADING to +4 ring of protection.
 11005 | Lair:3   | 11005 ||| DROPPING ring of see invisible.
 11006 | Lair:3   | 11006 ||| READING 2 scrolls labelled LEURERYGYKI.
 11007 | Lair:3   | 11007 ||| DRINKING 2 red potions.
 11008 | Lair:3   | 11008 ||| DRINKING 4 potions of curing.
 11008 | Lair:3   | 11008 ||| (to cure confusion)
 11009 | Lair:3   | 11009 ||| READING 2 scrolls of identify.
 11009 | Lair:3   | 11009 ||| IDENTIFYING glowing amethyst potion
 11010 | Lair:3   | 11010 ||| DROPPING scroll of fog.
 11011 | Lair:3   | 11011 ||| DROPPING potion of ambrosia.
 11039 | Lair:4   | 11039 ||| INVOKING Heroism.
 11040 | Lair:4   | 11040 ||| RETREATING.
 11041 | Lair:4   | 11041 ||| Stepping ~*~*~tactically~*~*~ (retreating).
 11042 | Lair:4   | 11042 ||| Stepping ~*~*~tactically~*~*~ (retreating).
 11043 | Lair:4   | 11043 ||| Stepping ~*~*~tactically~*~*~ (retreating).
 11044 | Lair:4   | 11044 ||| Stepping ~*~*~tactically~*~*~ (retreating).
 11045 | Lair:4   | 11045 ||| Stepping ~*~*~tactically~*~*~ (retreating).
 11046 | Lair:4   | 11046 ||| Stepping ~*~*~tactically~*~*~ (retreating).
 11054 | Lair:4   | Reached skill level 3 in Armour
 11303 | Lair:4   | 11303 ||| RETREATING.
 11370 | Lair:4   | Reached skill level 12 in Fighting
 11654 | Lair:4   | Noticed Sonja
 11655 | Lair:4   | 11655 ||| INVOKING Finesse.
 11656 | Lair:4   | Killed Sonja
 12054 | Lair:4   | 12054 ||| READING 4 scrolls of identify.
 12054 | Lair:4   | 12054 ||| IDENTIFYING glowing coppery potion
 12055 | Lair:4   | 12055 ||| DROPPING potion of berserk rage.
 12101 | Lair:5   | Entered Level 5 of the Lair of Beasts
 12138 | Lair:5   | 12138 ||| Stepping ~*~*~tactically~*~*~ (retreating).
 12139 | Lair:5   | 12139 ||| Stepping ~*~*~tactically~*~*~ (retreating).
 12164 | Lair:5   | 12164 ||| INVOKING Heroism.
 12172 | Lair:5   | Reached skill level 9 in Dodging
 12214 | Lair:5   | 12214 ||| INVOKING Heroism.
 12215 | Lair:5   | 12215 ||| INVOKING Finesse.
 12264 | Lair:5   | 12264 ||| INVOKING Heroism.
 12281 | Lair:5   | 12281 ||| Stepping ~*~*~tactically~*~*~ (retreating).
 12283 | Lair:5   | Gained mutation: Your large and strong wings let you fly.
                  | [Gargoyle growth]
 12283 | Lair:5   | Reached XP level 14. HP: 46/92 MP: 21/21
 12286 | Lair:5   | Received a gift from Okawaru
 12307 | Lair:5   | 12307 ||| INVOKING Finesse.
 12316 | Lair:5   | 12316 ||| INVOKING Heroism.
 12455 | Lair:5   | 12455 ||| INVOKING Heroism.
 12517 | Lair:5   | 12517 ||| INVOKING Heroism.
 12521 | Lair:5   | 12521 ||| Stepping ~*~*~tactically~*~*~ (retreating).
 12613 | Lair:5   | 12613 ||| INVOKING Heroism.
 12617 | Lair:5   | 12617 ||| RETREATING.
 12639 | Lair:5   | 12639 ||| RETREATING.
 12751 | Lair:5   | 12751 ||| RETREATING.
 12844 | Lair:5   | 12844 ||| INVOKING Heroism.
 13059 | Lair:5   | Received a gift from Okawaru
 13168 | Lair:5   | Found a viscous altar of Jiyva.
 13170 | Lair:5   | 13170 ||| INVOKING Heroism.
 13171 | Lair:5   | 13171 ||| INVOKING Finesse.
 13306 | Lair:5   | Found a staircase to the Slime Pits.
 13307 | Lair:5   | 13307 ||| INVOKING Heroism.
 13685 | Lair:5   | 13685 ||| PLANNING D:1-11
 13685 | Lair:5   | 13685 ||| UPGRADING to +0 cloak.
 13690 | Lair:5   | 13690 ||| READING 2 scrolls of enchant armour.
 13690 | Lair:5   | 13690 ||| ENCHANTING +0 cloak.
 13691 | Lair:5   | 13691 ||| READING scroll of enchant armour.
 13691 | Lair:5   | 13691 ||| ENCHANTING +1 cloak.
 13887 | D:10     | Entered Level 10 of the Dungeon
 14316 | D:10     | Found a flagged portal.
 14412 | D:10     | Found a basalt altar of Yredelemnul.
 14575 | D:10     | 14575 ||| DROPPING amulet of regeneration.
 14576 | D:10     | 14576 ||| DROPPING ring of resist corrosion.
 14577 | D:10     | 14577 ||| READING scroll labelled ILLANOI XUNALEKUTS.
 14578 | D:10     | 14578 ||| READING 3 scrolls of identify.
 14578 | D:10     | 14578 ||| IDENTIFYING metallic sapphire potion
 14613 | D:11     | 14613 ||| STAIRDANCE
 14621 | D:11     | Noticed Maurice
 14622 | D:11     | 14622 ||| STAIRDANCE
 14630 | D:11     | Killed Maurice
 14939 | D:11     | Noticed Snorg
 14940 | D:11     | 14940 ||| INVOKING Heroism.
 14941 | D:11     | 14941 ||| INVOKING Finesse.
 14949 | D:11     | Killed Snorg
 15236 | D:11     | Found a staircase to the Orcish Mines.
 15271 | D:11     | 15271 ||| READING scroll of acquirement.
 15271 | D:11     | 15271 ||| ACQUIRING +0 antimagic longbow
 15271 | D:11     | Acquired a +0 antimagic longbow
 15273 | D:11     | 15273 ||| SWAPPING to +0 antimagic longbow.
 15274 | D:11     | 15274 ||| DROPPING +1 orcbow of electrocution.
 15408 | D:11     | 15408 ||| PLANNING D
 15408 | D:11     | 15408 ||| READING scroll labelled IMUAMALASK.
 15500 | D:12     | Identified the +4 ring mail "Guruith" {rElec rF- Int+7}
 15545 | D:12     | Identified the +7 falchion of Experimentation {elec, Int+2}
 15889 | D:12     | 15889 ||| INVOKING Heroism.
 15928 | D:12     | Found a faded altar of an unknown god.
 15928 | D:12     | Found a hazy altar of Hepliaklqana.
 16225 | D:13     | Found Voeqoij's Weapon Shop.
 16252 | D:13     | Reached XP level 15. HP: 95/101 MP: 7/22
 16310 | D:13     | 16310 ||| INVOKING Heroism.
 16311 | D:13     | 16311 ||| READING 3 scrolls of teleportation.
 16338 | D:13     | Identified the +0 pair of gloves of Marbles {rF+ Regen+
                  | Str+2 Int+3}
 16493 | D:13     | Found a portal to a secret trove of treasure.
 16664 | D:13     | Reached skill level 17 in Ranged Weapons
 16716 | D:13     | Noticed Kirke
 16717 | D:13     | 16717 ||| Stepping ~*~*~tactically~*~*~ (retreating).
 16718 | D:13     | 16718 ||| Stepping ~*~*~tactically~*~*~ (retreating).
 16719 | D:13     | 16719 ||| Stepping ~*~*~tactically~*~*~ (retreating).
 16720 | D:13     | 16720 ||| INVOKING Heroism.
 16721 | D:13     | 16721 ||| INVOKING Finesse.
 16722 | D:13     | 16722 ||| Stepping ~*~*~tactically~*~*~ (retreating).
 16735 | D:13     | Killed Kirke
 16735 | D:13     | Identified the +0 pair of boots of Denuerch {rC+ Str+3}
                  | (Okawaru gifted it to you on level 13 of the Dungeon)
 16735 | D:13     | Received a gift from Okawaru
 17083 | D:13     | 17083 ||| UPGRADING to +0 pair of gloves of Marbles {rF+
                  | Regen+ Str+2 Int+3}.
 17093 | D:13     | 17093 ||| DROPPING +2 pair of gloves of strength.
 17094 | D:13     | 17094 ||| UPGRADING to +0 pair of boots of Denuerch {rC+
                  | Str+3}.
 17104 | D:13     | 17104 ||| UPGRADING to +2 ring mail of willpower.
 17242 | D:14     | 17242 ||| INVOKING Heroism.
 17259 | D:14     | Reached skill level 6 in Armour
 17301 | D:14     | Noticed Lodul
 17304 | D:14     | 17304 ||| RETREATING.
 17305 | D:14     | 17305 ||| Stepping ~*~*~tactically~*~*~ (retreating).
 17306 | D:14     | 17306 ||| Stepping ~*~*~tactically~*~*~ (retreating).
 17307 | D:14     | 17307 ||| Stepping ~*~*~tactically~*~*~ (retreating).
 17308 | D:14     | 17308 ||| Stepping ~*~*~tactically~*~*~ (retreating).
 17310 | D:14     | 17310 ||| Stepping ~*~*~tactically~*~*~ (retreating).
 17311 | D:14     | 17311 ||| Stepping ~*~*~tactically~*~*~ (retreating).
 17313 | D:14     | 17313 ||| Stepping ~*~*~tactically~*~*~ (retreating).
 17316 | D:14     | Killed Lodul
 17352 | D:14     | 17352 ||| RETREATING.
 17358 | D:14     | 17358 ||| Stepping ~*~*~tactically~*~*~ (retreating).
 17367 | D:14     | 17367 ||| INVOKING Heroism.
 17384 | D:14     | 17384 ||| FLEEEEING.
 17387 | D:14     | 17387 ||| FLEEEEING.
 17388 | D:14     | 17388 ||| FLEEEEING.
 17389 | D:14     | 17389 ||| FLEEEEING.
 17468 | D:14     | 17468 ||| INVOKING Heroism.
 17514 | D:14     | Reached skill level 18 in Ranged Weapons
 17751 | D:14     | Noticed Louise
 17752 | D:14     | 17752 ||| INVOKING Heroism.
 17764 | D:14     | Killed Louise
 17828 | D:14     | Found a gate to the Vaults.
 17865 | D:14     | 17865 ||| INVOKING Heroism.
 18014 | D:15     | Entered Level 15 of the Dungeon
 18015 | D:15     | 18015 ||| PLANNING GAUNTLET
 18015 | D:15     | 18015 ||| INVOKING Heroism.
 18018 | D:15     | 18018 ||| RETREATING.
 18019 | D:15     | 18019 ||| Stepping ~*~*~tactically~*~*~ (retreating).
 18020 | D:15     | 18020 ||| Stepping ~*~*~tactically~*~*~ (retreating).
 18021 | D:15     | 18021 ||| Stepping ~*~*~tactically~*~*~ (retreating).
 18032 | D:15     | 18032 ||| INVOKING Heroism.
 18062 | D:15     | 18062 ||| INVOKING Heroism.
 18115 | D:15     | 18115 ||| RETREATING.
 18196 | D:15     | 18196 ||| INVOKING Heroism.
 18198 | D:15     | 18198 ||| RETREATING.
 18269 | D:15     | 18269 ||| Stepping ~*~*~tactically~*~*~ (outnumbered).
 18270 | D:15     | 18270 ||| Stepping ~*~*~tactically~*~*~ (outnumbered).
 18271 | D:15     | 18271 ||| Stepping ~*~*~tactically~*~*~ (outnumbered).
 18272 | D:15     | 18272 ||| Stepping ~*~*~tactically~*~*~ (outnumbered).
 18273 | D:15     | 18273 ||| Stepping ~*~*~tactically~*~*~ (outnumbered).
 18274 | D:15     | 18274 ||| Stepping ~*~*~tactically~*~*~ (outnumbered).
 18275 | D:15     | 18275 ||| INVOKING Heroism.
 18277 | D:15     | 18277 ||| Stepping ~*~*~tactically~*~*~ (outnumbered).
 18462 | D:15     | 18462 ||| READING scroll of acquirement.
 18462 | D:15     | 18462 ||| ACQUIRING ring "Niyraemn" {+Blink EV+5 Str+2
                  | SInv}
 18462 | D:15     | Acquired the ring "Niyraemn" {+Blink EV+5 Str+2 SInv}
 18464 | D:15     | 18464 ||| UPGRADING to ring "Niyraemn" {+Blink EV+5 Str+2
                  | SInv}.
 18506 | D:15     | Found a staircase to the Depths.
 18506 | D:15     | Noticed a frost giant
 18511 | D:15     | 18511 ||| RETREATING.
 18520 | D:15     | 18520 ||| Stepping ~*~*~tactically~*~*~ (retreating).
 18522 | D:15     | Killed a frost giant
 18581 | D:15     | Reached skill level 19 in Ranged Weapons
 18601 | D:15     | 18601 ||| RIP GAUNTLET
 18602 | D:15     | 18602 ||| PLANNING D
 18893 | D:15     | 18893 ||| Stepping ~*~*~tactically~*~*~ (retreating).
 18897 | D:15     | 18897 ||| RETREATING.
 19112 | D:15     | 19112 ||| PLANNING ORC
 19112 | D:15     | 19112 ||| DROPPING +4 ring of protection.
 19113 | D:15     | 19113 ||| READING scroll labelled TIGUJE KOYVVUDD.
 19343 | Orc:1    | Entered Level 1 of the Orcish Mines
 19542 | Orc:2    | Entered Level 2 of the Orcish Mines
 19547 | Orc:2    | 19547 ||| INVOKING Heroism.
 19557 | Orc:2    | Reached XP level 16. HP: 107/107 MP: 5/23
 19612 | Orc:2    | 19612 ||| Stepping ~*~*~tactically~*~*~ (outnumbered).
 19615 | Orc:2    | 19615 ||| Stepping ~*~*~tactically~*~*~ (outnumbered).
 19708 | Orc:2    | 19708 ||| INVOKING Heroism.
 19710 | Orc:2    | 19710 ||| Stepping ~*~*~tactically~*~*~ (outnumbered).
 19840 | Orc:1    | 19840 ||| INVOKING Heroism.
 19912 | Orc:1    | 19912 ||| INVOKING Heroism.
 19913 | Orc:1    | 19913 ||| RETREATING.
 19942 | Orc:1    | Noticed Jorgrun
 19954 | Orc:1    | Killed Jorgrun
 20304 | Orc:2    | 20304 ||| Stepping ~*~*~tactically~*~*~ (outnumbered).
 20309 | Orc:2    | 20309 ||| Stepping ~*~*~tactically~*~*~ (outnumbered).
 20315 | Orc:2    | 20315 ||| INVOKING Heroism.
 20319 | Orc:2    | 20319 ||| RETREATING.
 20321 | Orc:2    | 20321 ||| Stepping ~*~*~tactically~*~*~ (outnumbered).
 20322 | Orc:2    | 20322 ||| Stepping ~*~*~tactically~*~*~ (outnumbered).
 20323 | Orc:2    | 20323 ||| Stepping ~*~*~tactically~*~*~ (outnumbered).
 20324 | Orc:2    | 20324 ||| Stepping ~*~*~tactically~*~*~ (outnumbered).
 20325 | Orc:2    | 20325 ||| Stepping ~*~*~tactically~*~*~ (outnumbered).
 20326 | Orc:2    | 20326 ||| Stepping ~*~*~tactically~*~*~ (outnumbered).
 20327 | Orc:2    | 20327 ||| Stepping ~*~*~tactically~*~*~ (outnumbered).
 20328 | Orc:2    | 20328 ||| Stepping ~*~*~tactically~*~*~ (outnumbered).
 20329 | Orc:2    | 20329 ||| Stepping ~*~*~tactically~*~*~ (outnumbered).
 20330 | Orc:2    | 20330 ||| Stepping ~*~*~tactically~*~*~ (outnumbered).
 20331 | Orc:2    | 20331 ||| Stepping ~*~*~tactically~*~*~ (outnumbered).
 20332 | Orc:2    | 20332 ||| Stepping ~*~*~tactically~*~*~ (outnumbered).
 20342 | Orc:2    | 20342 ||| Stepping ~*~*~tactically~*~*~ (retreating).
 20343 | Orc:2    | 20343 ||| Stepping ~*~*~tactically~*~*~ (retreating).
 20344 | Orc:2    | 20344 ||| Stepping ~*~*~tactically~*~*~ (retreating).
 20349 | Orc:2    | 20349 ||| RETREATING.
 20350 | Orc:2    | 20350 ||| Stepping ~*~*~tactically~*~*~ (retreating).
 20351 | Orc:2    | 20351 ||| Stepping ~*~*~tactically~*~*~ (retreating).
 20352 | Orc:2    | 20352 ||| INVOKING Heroism.
 20353 | Orc:2    | 20353 ||| Stepping ~*~*~tactically~*~*~ (outnumbered).
 20361 | Orc:2    | 20361 ||| Stepping ~*~*~tactically~*~*~ (retreating).
 20366 | Orc:2    | Gained mutation: Armour fits poorly on your strangely
                  | shaped body. [a neqoxec]
 20377 | Orc:2    | HP: 17/107 [orc knight/+0 dire flail (34)]
 20377 | Orc:2    | HP: 3/107 [orc priest/divine providence (14)]
 20377 | Orc:2    | Slain by a chaos spawn

Levels and vault maps discovered:
D:1:      scummos_arrival_simple_fountains, layout_basic
D:2:      layout_loops_ring, grunt_ministairs_1
D:3:      wad_crossroads, layout_basic, grunt_temple_overflow_open, uniq_jessica
D:4:      minmay_chambers_of_threes, layout_loops_corners, serial_shops,
          nicolae_shop_dealshenge, shop, shop, nicolae_shop_gibbet_a_chance,
          uniq_duvessa, uniq_ijyb
D:5:      layout_layer_cave, nicolae_overflow_two_pavilions, serial_shops, shop,
          uniq_menkaure
D:6:      layout_basic, xom_butterflies, minmay_temple_entry_drinking_statues,
          serial_co_window_serial, co_window_of_opportunity_a,
          co_window_corner_a, co_window_paths_b, co_window_paths_a,
          co_window_corner_a, co_window_corner_a, co_window_paths_b,
          co_window_broadway_a, co_window_corner_b, co_window_of_opportunity_b,
          co_window_broadway_a, glass_columns_a, minmay_hollow_rounded_squares
D:7:      layout_gridville, mainiacjoe_overflow_paths,
          chequers_serial_rivers_large_b
D:8:      layout_basic, dreamdust_divine_triumvirate, minmay_joined_circles,
          uniq_joseph
D:9:      layout_basic, hellmonk_lair_entry_icy, hex_medium, feat_on_display
D:10:     layout_roguey, nicolae_yredelemnul_corpse_copse, enter_bailey_4,
          hex_tiny
D:11:     layout_basic, uniq_maurice, uniq_snorg
D:12:     nicolae_moon_pools, layout_long_grid,
          beargit_hepliaklqana_dungeon_heroes
D:13:     layout_grid_maze, enter_trove_0, serial_shops,
          nicolae_shop_bloodbath_and_beyond, uniq_kirke
D:14:     layout_irregular_city, hellmonk_vaults_order_and_chaos,
          columned_hall_lemuel, serial_column_ruins, column_ruins_square_small,
          column_ruins_hut, column_ruins_columns_straight,
          column_ruins_open_medium, column_ruins_open_small, uniq_louise,
          uniq_lodul
D:15:     grunt_enter_depths_snipers, layout_basic, gauntlet_entry_generic
Lair:1:   layout_chaotic_city, gammafunk_ghost_berserking_beasts,
          grunt_megastairs_4, lemuel_fruit_tree
Lair:2:   layout_misc_corridors, minmay_shoals_entry_centaurs, uniq_gastronok
Lair:3:   layout_gridlike, nicolae_spider_entry_non_spiders,
          nicolae_quartered_pool_impasse, worms_lemuel, grunt_megastairs_3,
          infiniplex_staircase_pool_2, uniq_nergalle
Lair:4:   layout_concentric_octagons, dreamdust_deal_with_the_devil,
          lemuel_fruit_fields, grunt_megastairs_2, uniq_sonja
Lair:5:   minmay_lair_end_enchanted_forest, layout_loops_ring,
          minmay_slime_entry_oklob_enclosed, serial_bayou_shore_b,
          serial_bayou_shore_a
Orc:1:    layout_diamond_mine, uniq_jorgrun
Orc:2:    st_orc_congregation, layout_diamond_mine

Skill      XL: |  1  2  3  4  5  6  7  8  9 10 11 12 13 14 15 |
---------------+----------------------------------------------+-----
Ranged Weapons | 5 6 7 8 9 10 12 14 15 16 19 | 19.5
Armour         | 1 2 3 5 8 |  8.0
Fighting       | 3 4 6 7 8 10 12 14 | 14.9
Dodging        | 2 5 6 7 9 10 | 10.0
Invocations    | 2 4 7 10 | 10.0
Stealth        | |  1.1

Action                     |  1- 3 |  4- 6 |  7- 9 | 10-12 | 13-15 | 16-18 || total
---------------------------+-------+-------+-------+-------+-------+-------++-------
   Fire: Shortbow          |   118 |   152 |    17 |       |       |       ||   287
         Orcbow            |       |       |   225 |   578 |   798 |       ||  1601
         Longbow           |       |       |       |       |   574 |   206 ||   780
 Invoke: Heroism           |       |     1 |     9 |    21 |    34 |     5 ||    70
         Finesse           |       |       |       |     1 |     6 |       ||     7
    Use: Scroll            |     3 |     5 |     8 |     5 |    12 |       ||    33
         Potion            |       |     2 |     2 |     4 |     2 |       ||    10
 Armour: Leather armour    |    26 |       |       |       |       |       ||    26
         Ring mail         |     2 |     8 |       |       |    79 |    26 ||   115
         Robe              |       |    25 |    48 |   103 |   137 |       ||   313
  Dodge: Dodged            |    24 |    32 |    48 |   214 |   431 |    73 ||   822
  Block: Other             |       |    13 |    14 |    50 |   105 |    18 ||   200
         Reflection        |       |       |       |     3 |     7 |     3 ||    13

Table legend:
 A = Non-vault XP
 B = Vault XP
 C = Vault XP percentage of total XP
 D = Non-vault monster count
 E = Vault monster count
 F = Vault count percentage of total count
                 A         B        C        D         E       F
            +---------+---------+-------+---------+---------+-------
      Total |   95876 |   42864 |  30.9 |     515 |     189 |  26.8
            +---------+---------+-------+---------+---------+-------
        D:1 |      57 |       0 |   0.0 |      32 |       0 |   0.0
        D:2 |      38 |      14 |  26.9 |      14 |       2 |  12.5
        D:3 |      32 |      80 |  71.4 |      17 |       5 |  22.7
        D:4 |     122 |     372 |  75.3 |      10 |      15 |  60.0
        D:5 |     750 |     169 |  18.4 |      24 |       1 |   4.0
        D:6 |     975 |    1380 |  58.6 |      18 |       7 |  28.0
        D:7 |    2114 |       0 |   0.0 |      19 |       0 |   0.0
        D:8 |    1103 |    2091 |  65.5 |      13 |      14 |  51.9
        D:9 |    3589 |     986 |  21.6 |      40 |       6 |  13.0
       D:10 |    2492 |    3825 |  60.6 |      15 |      16 |  51.6
       D:11 |    3640 |    1379 |  27.5 |      23 |       2 |   8.0
       D:12 |    3426 |    1173 |  25.5 |      14 |       2 |  12.5
       D:13 |    6234 |    2027 |  24.5 |      14 |       4 |  22.2
       D:14 |   13358 |    3501 |  20.8 |      22 |      10 |  31.2
       D:15 |   14351 |    3737 |  20.7 |      29 |       4 |  12.1
     Lair:1 |    6129 |     925 |  13.1 |      29 |       6 |  17.1
     Lair:2 |    8325 |    1722 |  17.1 |      19 |       3 |  13.6
     Lair:3 |   10845 |    3096 |  22.2 |      26 |      15 |  36.6
     Lair:4 |    3451 |    2432 |  41.3 |      16 |       7 |  30.4
     Lair:5 |    8523 |    9392 |  52.4 |      37 |      51 |  58.0
      Orc:1 |    3269 |    1931 |  37.1 |      42 |       1 |   2.3
      Orc:2 |    3053 |    2632 |  46.3 |      42 |      18 |  30.0
            +---------+---------+-------+---------+---------+-------
